Map: Frozen Temple

Players

Fropez - Winner!

  • Race: Protoss Protoss
  • League: Gold
  • Spawn Location: 5:00

JordyZ

  • Race: Zerg Zerg
  • Spawn Location: 11:00

VOD

Have the link to the VOD?

Description

Time

  • Played on: Nov. 14, 2016, 6 p.m.
  • Length: 15:00
Show
View Real Time Build Order
Export as new Build Order

Fropez Protoss - Winner!

Build Orders:  

Get SALT Encoding   

  12  0:01  Probe (Chrono Boost)  
  13  0:12  Probe (Chrono Boost)  
  14  0:18  Pylon  
  14  0:22  Probe (Chrono Boost)  
  15  0:36  Probe (Chrono Boost)  
  15  0:38  Gateway  
  16  0:44  Assimilator  
  16  0:47  Probe (Chrono Boost)  
  17  0:58  Probe (Chrono Boost)  
  18  1:08  Probe (Chrono Boost)  
  19  1:16  Gateway  
  19  1:19  Probe (Chrono Boost)  
  20  1:29  Probe (Chrono Boost)  
  22  1:40  Probe (Chrono Boost)  
  22  1:44  Assimilator  
  22  1:50  Probe (Chrono Boost)  
  22  1:52  Pylon  
  22  1:53  Cybernetics Core  
  23  2:10  Probe (Chrono Boost)  
  24  2:21  Probe (Chrono Boost)  
  16  2:39  Warp Gate (Chrono Boost), Mothership Core (Chrono Boost)  
  16  2:41  Zealot x2  
  21  2:49  Gateway  
  21  2:57  Gateway  
  21  3:00  Probe (Chrono Boost)  
  22  3:13  Gateway  
  22  3:21  Probe  
  23  3:33  Probe  
  24  3:39  Stalker  
  26  3:42  Stalker  
  26  3:46  Probe  
  27  4:11  Stalker x2  
  31  4:24  Pylon  
  31  4:40  Pylon  
  31  4:42  Probe  
  34  4:55  Probe  
  35  5:05  Adept  
  35  5:06  Adept  
  39  5:08  Probe  
  38  5:18  Pylon  
  38  5:20  Stalker  
  38  5:21  Stalker  
  42  5:25  Stalker  
  44  5:42  Nexus  
  44  5:48  Probe  
  45  6:00  Probe  
  45  6:03  Adept  
  45  6:04  Adept  
  50  6:11  Stalker  
  50  6:14  Probe  
  53  6:26  Probe  
  44  7:01  Stalker x5  
  46  7:27  Probe  
  46  7:28  Probe  
  48  7:36  Gateway  
  48  7:39  Pylon  
  48  7:48  Adept x2  
  48  7:49  Adept x3  
  58  7:55  Assimilator  
  58  7:59  Probe  
  58  8:00  Probe  
  60  8:17  Adept x4  
  68  8:21  Probe  
  69  8:42  Stalker x3  
  69  8:43  Stalker  
  77  9:09  Gateway  
  77  9:12  Pylon  
  77  9:13  Twilight Council  
  77  9:14  Assimilator  
  77  9:18  Forge  
  77  9:19  Forge  
  77  9:38  Stalker x3  
  83  9:45  Pylon  
  83  9:48  Stalker  
  85  10:17  Stalker x4  
  91  10:32  Nexus  
  91  10:37  Protoss Ground Weapons Level 1 (Chrono Boost)  
  77  10:52  Protoss Ground Armor Level 1 (Chrono Boost)  
  77  11:00  Photon Cannon  
  75  11:26  Stalker  
  75  11:27  Stalker x3  
  78  11:46  Stalker x2  
  46  12:01  Probe  
  46  12:02  Probe  
  48  12:13  Probe  
  49  12:28  Templar Archives  
  49  12:29  Assimilator  
  49  12:33  Mothership Core  
  49  12:34  Assimilator  
  51  12:45  Probe  
  52  12:52  Probe  
  52  12:54  Protoss Ground Weapons Level 2 (Chrono Boost)  
  53  13:12  Protoss Shields Level 1 (Chrono Boost)  
  53  13:14  High Templar  
  53  13:15  High Templar x4  
  63  13:23  Pylon  
  63  13:30  Archon x2  
  63  13:31  Pylon  
  63  13:35  Pylon  
  63  13:44  Gateway  
  63  13:49  Photon Cannon  
  63  13:53  Pylon  
  63  13:57  Pylon  
  63  13:59  High Templar x2  
  67  14:03  Archon  
  67  14:09  Stalker  
  69  14:13  Probe  
  69  14:15  Probe  
  71  14:32  Pylon  
  71  14:35  Probe  
  71  14:36  Probe  
  71  14:38  Pylon  
Show
View Real Time Build Order
Export as new Build Order

JordyZ Zerg 

Build Orders: Pool First 

Get SALT Encoding   

  12  0:20  Spawning Pool  
  11  0:22  Drone  
  11  0:27  Drone  
  13  0:32  Drone  
  14  0:38  Extractor  
  13  0:45  Overlord  
  13  1:09  Zergling x6  
  16  1:46  Roach Warren  
  15  1:51  Drone x3  
  18  2:12  Hatchery  
  14  2:39  Roach x3  
  14  2:40  Queen  
  22  3:06  Overlord  
  22  3:07  Overlord  
  22  3:22  Lair  
  22  3:29  Zergling x4  
  22  3:32  Metabolic Boost  
  24  3:39  Drone  
  24  3:40  Drone  
  20  4:18  Roach x4  
  20  4:19  Roach  
  30  4:28  Drone  
  30  4:29  Extractor, Drone x2  
  32  4:36  Queen  
  34  4:43  Burrow  
  34  4:47  Overlord  
  34  4:53  Drone  
  34  4:56  Drone  
  36  5:22  Hydralisk Den  
  36  5:23  Drone x5  
  40  5:52  Hydralisk x3  
  46  6:02  Hydralisk  
  48  6:08  Extractor  
  29  7:06  Hydralisk x3  
  29  7:07  Hydralisk x2  
  37  7:09  Hydralisk x2  
  39  7:25  Drone  
  40  7:32  Overlord  
  40  7:44  Hydralisk x2  
  44  7:59  Queen  
  44  8:03  Hydralisk x2  
  50  8:06  Hydralisk x3  
  56  8:31  Lurker Den  
  56  8:57  Hydralisk x2  
  56  8:59  Overlord  
  60  9:09  Overlord  
  60  9:10  Overlord  
  60  9:11  Overlord  
  60  9:35  Hydralisk x3  
  66  9:39  Hydralisk x4  
  66  9:40  Hydralisk x2  
  78  9:54  Drone x4  
  82  10:14  Hydralisk  
  82  10:51  Hydralisk  
  40  11:58  Hydralisk  
  40  11:59  Hydralisk x2  
  32  12:15  Hydralisk  
  32  12:17  Hatchery  
  33  12:35  Lurker  
  34  12:47  Hydralisk x3  
  34  12:48  Hydralisk  
  42  13:06  Hydralisk  
  42  13:07  Hydralisk  
  46  13:23  Hydralisk  
  46  13:24  Hydralisk x3  
  54  13:38  Hydralisk  
  56  13:42  Hydralisk  
  58  13:59  Hydralisk x2  
  58  14:01  Hydralisk x3  
  68  14:04  Hydralisk x2  
  68  14:07  Hatchery  
  71  14:10  Drone  
  72  14:24  Hydralisk  
  72  14:27  Hydralisk  
Tags
 
League
Gold
Matchup
PvZ
Opening
Pool First
Replay Pack
All Mines
Spawn Locations
Cross Positions
Add a new tag
Caveats
  • Supply blocks, unpowered buildings, or Contaminate may cause inaccurate times.
  • Supply counts are checked every 10 seconds.